Map: Scythe of Amon

Players

wasp

  • Race: Protoss Protoss

larsgj

  • Race: Terran Terran

VOD

Have the link to the VOD?

Description

Time

  • Played on: Oct. 19, 2018, 10:29 a.m.
  • Length: 24:02
Show
View Real Time Build Order
Export as new Build Order

wasp Protoss 

Build Orders:  

Get SALT Encoding   

  1  0:00  Probe x12 (Chrono Boost)  
    0:10  Unknown x2  
  12  0:27  Pylon  
  12  1:06  Pylon  
  12  1:10  Gateway  
  12  1:19  Probe (Chrono Boost)  
  13  1:20  Assimilator  
  13  1:33  Probe (Chrono Boost)  
  13  1:35  Assimilator  
  14  2:40  Zealot  
  14  2:47  Cybernetics Core  
  16  3:04  Pylon  
  16  3:14  Pylon  
  16  3:40  Stargate  
  16  3:48  Robotics Facility  
  16  4:23  Stargate  
  16  4:30  Zealot  
  16  4:31  Zealot  
  20  6:00  Fleet Beacon  
  20  7:36  Tempest  
  20  7:37  Tempest  
  22  9:08  Tempest x2  
  30  10:23  Pylon  
  30  10:31  Pylon  
  30  10:51  Tempest  
  34  11:03  Tempest  
  38  11:25  Forge  
  38  11:50  Pylon  
  38  12:23  Photon Cannon  
  38  12:44  Photon Cannon  
  38  13:21  Photon Cannon  
  14  16:09  Tempest x2  
  22  17:01  Tempest  
  18  18:26  Tempest x2  
  26  20:31  Tempest  
  26  20:32  Tempest  
  14  22:55  Tempest x2  
Show
View Real Time Build Order
Export as new Build Order

larsgj Terran 

Build Orders:  

Get SALT Encoding   

  1  0:00  Orbital Command, SCV x12  
    0:10  Unknown  
    0:14  SCV  
  13  0:32  Supply Depot  
  13  0:37  SCV  
  14  0:53  SCV  
  15  1:09  Barracks  
  15  1:10  SCV  
  16  1:26  Supply Depot  
  16  1:27  SCV  
  17  1:42  Marine  
  17  1:44  SCV  
  19  1:52  Marine  
  20  2:01  SCV  
  20  2:02  Refinery  
  20  2:08  Refinery  
  21  2:18  SCV  
  22  2:20  Barracks  
  22  2:25  Marine  
  23  2:43  Unknown  
  23  2:51  Marine  
  23  2:58  Barracks Tech Lab  
  25  3:01  Marine  
  26  3:12  Marine  
  26  3:13  Supply Depot  
  26  3:18  Marine  
  27  3:25  Supply Depot  
  27  3:28  Barracks Tech Lab  
  27  3:29  Marine  
  28  3:47  Marine  
  28  3:52  Medic  
  28  3:57  Medic  
  33  4:16  Stabilizer Medpacks  
  33  5:28  SCV  
  34  5:36  Engineering Bay  
  34  5:41  Supply Depot  
  34  5:42  Supply Depot  
  34  5:44  Supply Depot  
  34  5:45  SCV  
  34  5:46  Marine  
  34  5:47  Supply Depot  
  34  5:48  Marine  
  37  6:02  SCV  
  38  6:19  SCV  
  39  6:36  SCV  
  40  7:30  Marine  
  40  7:37  Marine  
  41  7:40  Marine  
  41  7:47  Marine  
  43  7:50  Marine  
  43  7:57  Marine  
  44  8:00  Medic  
  44  8:07  Marine  
  47  8:11  Medic  
  47  8:18  Medic  
  40  9:03  Marine  
  40  9:04  Medic  
  43  9:11  Terran Infantry Weapons Level 1  
  43  9:14  Marine, Medic  
  46  9:21  SCV  
  46  9:24  Marine, Medic  
  50  9:34  Barracks  
  50  9:38  SCV  
  51  9:55  SCV  
  52  10:12  SCV  
  53  10:21  Marine, Medic  
  53  10:22  Barracks Tech Lab  
  53  10:29  SCV  
  57  10:31  Marine, Medic  
  60  10:41  Marine  
  60  10:42  Marine  
  60  10:47  Orbital Command  
  62  10:51  Marine  
  62  10:52  Medic  
  65  11:02  Marine x2  
  65  11:04  Supply Depot x2  
  65  11:07  Supply Depot  
  65  11:09  Supply Depot  
  67  11:10  Supply Depot  
  67  11:11  Supply Depot  
  67  11:12  Supply Depot  
  67  11:15  Supply Depot  
  67  11:16  Supply Depot  
  67  11:19  Supply Depot  
  67  11:31  Marine x2, Medic  
  71  11:41  Marine  
  72  11:51  Terran Infantry Armor Level 1  
  72  12:06  Missile Turret  
  72  12:35  Missile Turret  
  72  13:04  Missile Turret  
  72  13:38  Missile Turret  
  72  13:46  Command Center  
  72  14:07  Missile Turret  
  72  14:17  Refinery  
  72  14:37  Structure Armor  
  72  14:43  Missile Turret  
  72  14:47  Neosteel Frame  
  72  14:59  Marine x2  
  71  15:00  Medic  
  71  15:09  Medic  
  75  15:10  Marine x2  
  75  15:11  Missile Turret  
  93  15:20  Marine x3  
  82  15:30  Marine x2, Medic  
  82  15:31  Refinery  
  86  15:40  Marine, Medic  
  86  15:41  Marine  
  90  16:14  Marine x3  
  93  16:24  Marine x3  
  96  16:34  Marine x2  
  96  16:35  Marine  
  99  16:44  Marine  
  99  16:45  Marine x2  
  101  16:55  Marine x3  
  104  17:05  Marine x3  
  107  17:15  Marine x3  
  107  17:17  SCV  
  111  17:25  Marine, Medic  
  111  17:26  Medic  
  116  17:34  SCV  
  116  17:35  Marine x2  
  116  17:36  Marine  
  120  17:46  Marine x2, Medic  
  124  17:51  SCV  
  125  18:08  SCV  
  126  18:25  SCV  
  127  19:06  Marine x2  
  127  19:07  Marine  
  130  19:16  Marine  
  130  19:17  Marine x2  
  130  19:27  Marine, Medic x2  
  131  19:37  Marine x2, Medic  
  135  19:47  Marine x3  
  142  21:08  Factory  
  142  21:45  Marine x2  
  142  21:46  Marine  
  144  21:55  Marine  
  144  21:56  Marine x2  
  147  22:06  Marine, Medic x2  
  152  22:16  Marine, Medic x2  
  157  22:26  Marine x3  
Tags
 
Commander
ArtanisRaynor
Matchup
Co-op
Replay Pack
Multiplayer
Add a new tag
Caveats
  • Supply blocks, unpowered buildings, or Contaminate may cause inaccurate times.
  • Supply counts are checked every 10 seconds.